 Dungeon Crawl Stone Soup version 0.18.1-48-g4cf74bf (webtiles) character file.

574 DungeonyCrawlthano the Insei (level 7, 0/52 HPs)
             Began as a Demonspawn Monk on Aug 12, 2016.
             Slain by Duvessa
             ... wielding a +0 short sword
              (13 damage)
             ... on level 4 of the Dungeon.
             The game lasted 00:06:16 (3737 turns).

DungeonyCrawlthano the Insei (Demonspawn Monk)      Turns: 3737, Time: 00:06:16

Health: 0/52       AC:  7    Str: 16    XL:     7   Next: 12%
Magic:  7/7        EV: 13    Int: 12    God:
Gold:   145        SH:  0    Dex: 16    Spells: 0 memorised, 6 levels left

rFire  . . .     SeeInvis .       - Unarmed
rCold  + . .     Gourm    .     a - +0 robe
rNeg   . . .     Faith    .     (no shield)
rPois  .         Spirit   .     (no helmet)
rElec  .         Dismiss  .     (no cloak)
rCorr  .         Reflect  .     c - +0 pair of gloves
SustAt .         Harm     .     (no boots)
MR     .....                    (no amulet)
Stlth  ++........               (no ring)
                                (no ring)

@: mighty, not resistant to hostile enchantments, unstealthy
A: talons 1, rough black scales 1, cold resistance 1, powered by pain 2
a: no special abilities


You were on level 4 of the Dungeon.
You were not hungry.

You visited 1 branch of the dungeon, and saw 4 of its levels.

You collected 145 gold pieces.

Inventory:

Armour
 a - a +0 robe (worn)
 c - a +0 pair of gloves (worn)
Jewellery
 q - an uncursed ring of flight
Wands
 u - a wand of polymorph (5/24)
Scrolls
 m - a scroll of magic mapping
 n - a scroll of recharging
 s - 2 scrolls of teleportation
Potions
 d - a potion of resistance
 e - a potion of cure mutation
 f - 2 potions of heal wounds {unknown}
 i - a potion of cancellation {unknown}
 j - 3 potions of curing
 k - 2 potions of might {unknown}
 o - a potion of lignification {unknown}
 r - a potion of haste {unknown}
 t - a potion of ambrosia {unknown}
Comestibles
 b - 5 bread rations
 g - 3 fruits
 h - a slice of pizza
 l - a meat ration
 p - a beef jerky
 v - 4 chunks of flesh


   Skills:
 - Level 3.0 Fighting
 - Level 2.6 Dodging
 - Level 1.7 Stealth
 + Level 7.9 Unarmed Combat


You had 6 spell levels left.
You didn't know any spells.

Dungeon Overview and Level Annotations

Branches:
Dungeon (4/15)
 Temple: D:4-7

Altars:
Gozag
Kikubaaqudgha
Pakellas
Ru

Shops:
D:4 %

Annotations:
D:4 Duvessa


Innate Abilities, Weirdness & Mutations

You have sharp toenails.
You are partially covered in rough black scales (AC +4, Dex -1).
Your flesh is cold resistant.
You sometimes gain power by taking damage.


Message History

Duvessa is heavily wounded.
Duvessa misses you.
You punch Duvessa!
Duvessa is severely wounded.
Duvessa hits you but does no damage. Duvessa barely misses you.
You hit Duvessa.
Duvessa is severely wounded.
Duvessa hits you with a short sword!
* * * LOW HITPOINT WARNING * * *
You hit Duvessa.
Duvessa is severely wounded.
Duvessa hits you with a short sword.
* * * LOW HITPOINT WARNING * * *
The orc barely misses you.
Drink which item? (? for menu, Esc to quit)
Okay, then.
Drink which item? (? for menu, Esc to quit)
It was a potion of curing.
You feel better. Duvessa hits you with a short sword!
You die...

##..## #######..##
......# ........##
......# .........##
#.....# ..........#
##..... ..........##
#.....
...........###....#
...........##..oe#
................@#
................#####
................##..#
#..............#....#
#..............)...##
##..............(...#
#.>......##........#
##.....#####.......#
####### #.#.....#


You could see Duvessa (berserk) and an orc.

Vanquished Creatures
  The ghost of DungeonyCrawlthano the Insei, an amateur DsMo (D:3)
  Dowan (D:4)
  2 howler monkeys (D:4)
  A hound (D:3)
  2 orc wizards
  3 orc priests
  2 worker ants (D:4)
  3 gnolls (D:4)
  2 adders
  2 oozes (D:3)
  A worm (D:3)
  A dart slug (D:1)
  2 giant geckos (D:3)
  13 orcs
  9 bats
  A giant cockroach (D:2)
  6 goblins
  7 hobgoblins
  8 jackals
  4 kobolds
  A quokka (D:2)
  A giant gecko skeleton (D:4)
  2 giant newts (D:2)
  A quokka skeleton (D:4)
  12 rats
88 creatures vanquished.

Notes
Turn   | Place    | Note
--------------------------------------------------------------
     0 | D:1      | DungeonyCrawlthano the Demonspawn Monk began the quest for the Orb.
     0 | D:1      | Reached XP level 1. HP: 18/18 MP: 1/1
   285 | D:1      | Reached skill level 4 in Unarmed Combat
   296 | D:1      | Gained mutation: You are partially covered in rough black scales (AC +4, Dex -1). [demonic ancestry]
   296 | D:1      | Reached XP level 2. HP: 16/24 MP: 2/2
   943 | D:2      | Gained mutation: Your flesh is cold resistant. [demonic ancestry]
   943 | D:2      | Reached XP level 3. HP: 29/29 MP: 3/3
   971 | D:2      | Found a sacrificial altar of Ru.
   983 | D:2      | Reached skill level 5 in Unarmed Combat
  1097 | D:2      | Reached XP level 4. HP: 31/35 MP: 4/4
  1536 | D:2      | Found an ancient bone altar of Kikubaaqudgha.
  1819 | D:3      | Gained mutation: You sometimes gain a little power by taking damage. [demonic ancestry]
  1819 | D:3      | Reached XP level 5. HP: 26/41 MP: 5/5
  1890 | D:3      | Reached skill level 6 in Unarmed Combat
  2137 | D:3      | Noticed DungeonyCrawlthano's ghost (amateur DsMo)
  2173 | D:3      | Killed DungeonyCrawlthano's ghost
  2173 | D:3      | Gained mutation: You have sharp toenails. [demonic ancestry]
  2173 | D:3      | Reached XP level 6. HP: 32/47 MP: 6/6
  2823 | D:2      | Found an oddly glowing altar of Pakellas.
  2823 | D:2      | Found an opulent altar of Gozag.
  2871 | D:4      | Reached skill level 7 in Unarmed Combat
  2890 | D:4      | Found Otaeg's Food Shop.
  3267 | D:4      | Noticed Dowan
  3269 | D:4      | Noticed Duvessa
  3317 | D:4      | Killed Dowan
  3589 | D:4      | Gained mutation: You sometimes gain power by taking damage. [demonic ancestry]
  3589 | D:4      | Reached XP level 7. HP: 38/52 MP: 7/7
  3737 | D:4      | Slain by Duvessa

Skill      XL: |  1  2  3  4  5  6 |
---------------+-------------------+-----
Unarmed Combat | 4 5 6 7 |  7.9
Fighting       | |  3.0
Dodging        | |  2.6
Stealth        | |  1.7

Action                   |  1- 3 |  4- 6 |  7- 9 || total
-------------------------+-------+-------+-------++-------
Melee: Unarmed           |   134 |   282 |    18 ||   434
       Punch             |     1 |     4 |       ||     5
       Kick              |       |    31 |     5 ||    36
  Use: Scroll            |     5 |     6 |       ||    11
       Potion            |       |       |     1 ||     1
 Stab: Sleeping          |     2 |     3 |       ||     5
  Eat: Chunk             |     1 |     8 |       ||     9
Armor: Robe              |    48 |    60 |     7 ||   115
Dodge: Dodged            |   100 |   150 |    12 ||   262
